 Dungeon Crawl Stone Soup version 0.17-a0-1510-gb3fb22e (webtiles) character file.

77 namelastname112 the Chopper (level 4, 0/37 HPs)
             Began as a Draconian Skald on July 12, 2015.
             Slain by an orc wizard
             ... wielding a +0 dagger
              (1 damage)
             ... on level 3 of the Dungeon.
             The game lasted 00:03:49 (2722 turns).

namelastname112 the Chopper (Draconian Skald)       Turns: 2722, Time: 00:03:51

Health: 0/37       AC:  6    Str: 14    XL:     4   Next: 14%
Magic:  7/7        EV: 12    Int: 13    God:
Gold:   132        SH:  0    Dex: 11    Spells: 1 memorised, 6 levels left

rFire  . . .     SeeInvis .     a - +0 hand axe
rCold  . . .     Clarity  .     (armour unavailable)
rNeg   . . .     SustAt   .     (no shield)
rPois  .         Gourm    .     (helmet restricted)
rElec  .         Spirit   .     (no cloak)
rCorr  .         Warding  .     (no gloves)
rMut   +         Stasis   .     h - +0 pair of boots
MR     .....                    d - amulet of resist mutation
Stlth  ..........               (no ring)
                                q - ring of loudness (curse)

@: not resistant to hostile enchantments, extremely unstealthy
A: unfitting armour, cold-blooded, AC +5
a: no special abilities


You were on level 3 of the Dungeon.
You were hungry.

You visited 1 branch of the dungeon, and saw 3 of its levels.

You collected 132 gold pieces.

Inventory:

Hand weapons
 a - a +0 hand axe (weapon)
Armour
 h - a +0 pair of boots (worn)
Jewellery
 d - an amulet of resist mutation (around neck)
 q - a cursed ring of loudness (left hand)
Scrolls
 i - a scroll of recharging {unknown}
 j - a scroll of identify {unknown}
 k - a scroll of fear {unknown}
 l - 2 scrolls of remove curse {unknown}
 n - a scroll of magic mapping {unknown}
 o - a scroll of blinking {unknown}
 r - a scroll of immolation {unknown}
Potions
 p - 2 potions of curing {unknown}
 s - a potion of mutation {unknown}
Books
 b - a book of Battle

   Spells                             Type                      Level
   a - Infusion                       Charms                       1
   b - Shroud of Golubria             Charms/Translocation         2
   c - Song of Slaying                Charms                       2
   d - Spectral Weapon                Hexes/Charms                 3
   e - Regeneration                   Charms/Necromancy            3
Comestibles
 c - 2 bread rations
 f - a meat ration
 g - a beef jerky


   Skills:
 + Level 2.9 Fighting
 * Level 3.5 Axes
 + Level 2.2 Dodging
 - Level 2.0 Spellcasting
 - Level 2.6 Charms


You had 6 spell levels left.
You knew the following spells:

 Your Spells              Type           Power        Failure   Level  Hunger
a - Infusion              Chrm           #.....       10%         1    ##.....


Dungeon Overview and Level Annotations

Branches:
Dungeon (3/15)

Altars:


Innate Abilities, Weirdness & Mutations

Your plain brown scales are hard (AC +5).
Your body does not fit into most forms of armour.
You are cold-blooded and may be slowed by cold attacks.


Message History

You completely miss something. You tail-slap something.
Something barely misses you. Something hits you but does no damage.
You closely miss something. You tail-slap something. Something hits you.
* * * LOW HITPOINT WARNING * * *
Something hits you but does no damage.
You barely miss something.
Your tail-slap misses something.
Something hits you but does no damage.
You miss something. Something hits you.
* * * LOW HITPOINT WARNING * * *
You hear some strange, mumbled words.
A puff of frost appears from out of thin air!
The puff of frost misses you.
Drink which item? (? for menu, Esc to quit)
It was a potion of cancellation.
Your magical effects are unravelling.
Your magical contamination has completely faded away.
You feel magically purged.
You flicker back into view.
Something hits you.
You die...

#...........##.......#
# ######.####.# #
#.......# # #.#.^.###
# # #.....# # #.###(#
# ## #...(.#.#### #.
#.###.......... #.
#.....@........ #.
#####.{)....... #.
#.......... #.
#.......... #.
#.......... #.
#.......... ######.
#......... #.[....
.......... #......
#......


There were no monsters in sight!

Vanquished Creatures
  3 adders
  2 worms
  2 giant geckos
  3 orcs (D:3)
  8 bats
  6 hobgoblins
  5 giant newts
  4 goblins
  3 kobolds
  9 rats
45 creatures vanquished.

Notes
Turn   | Place    | Note
--------------------------------------------------------------
     0 | D:1      | namelastname112 the Draconian Skald began the quest for the Orb.
     0 | D:1      | Reached XP level 1. HP: 17/17 MP: 3/3
   270 | D:1      | Reached XP level 2. HP: 5/25 MP: 5/5
  1084 | D:2      | Reached XP level 3. HP: 6/30 MP: 6/6
  1869 | D:2      | Reached skill level 3 in Axes
  2620 | D:3      | Reached XP level 4. HP: 25/37 MP: 7/7
  2721 | D:3      | HP: 1/37 [something (3)]
  2722 | D:3      | Slain by an orc wizard

Vault maps used:
D:1:      lightli_molten_gateway, minivault_5, serial_bayou_pond_b, minivault_27
D:3:      first_bread, corexii_corridor_pit, nicolae_underground_beach

Action                   |  1- 3 |  4- 6 || total
-------------------------+-------+-------++-------
Melee: Hand axe          |   176 |    31 ||   207
  Use: Potion            |       |     2 ||     2
  Eat: Chunk             |     4 |       ||     4
       Beef jerky        |     1 |       ||     1
